 Dungeon Crawl Stone Soup version 0.27-b1-16-g6517624069 (webtiles) character file.

Game seed: 6342867051334385058

151 ZARRMARR the Poker (level 5, -7/39 HPs)
             Began as a Merfolk Gladiator on July 27, 2021.
             Mangled by Sigmund (9 damage)
             ... on level 3 of the Dungeon.
             The game lasted 00:26:56 (3280 turns).

ZARRMARR the Poker (Merfolk Gladiator)              Turns: 3280, Time: 00:26:57

Health: -7/39      AC:  5    Str: 15    XL:     5   Next: 33%
Magic:  5/5        EV: 14    Int:  8    God:
Gold:   634        SH:  0    Dex: 21    Spells: 2/4 levels left

rFire    . . .     SeeInvis .   a - +0 trident
rCold    . . .     Faith    .   (no shield)
rNeg     . . .     Spirit   .   b - +0 leather armour
rPois    .         Reflect  .   c - +0 helmet
rElec    .         Harm     .   u - +0 cloak
rCorr    .         Rampage  .   (no gloves)
Will     .....                  (no boots)
Stlth    ++........             (no amulet)
HPRegen  0.13/turn              d - +6 ring of dexterity
MPRegen  0.09/turn              (no ring)

@: no status effects
A: (nimble swimmer 2), mertail
a: no special abilities


You were on level 3 of the Dungeon.
You visited 1 branch of the dungeon, and saw 4 of its levels.

You collected 634 gold pieces.

Inventory:

Hand Weapons
 a - a +0 trident (weapon)
 t - a +4 quarterstaff of chaos
Missiles
 e - 142 stones
 l - a throwing net
 o - 2 silver javelins (quivered)
 p - 7 atropa-tipped darts
Armour
 b - a +0 leather armour (worn)
 c - a +0 helmet (worn)
 u - a +0 cloak (worn)
Jewellery
 d - a +6 ring of dexterity (left hand)
Scrolls
 h - a scroll of silence
 i - 2 scrolls of enchant armour
 n - a scroll of blinking {unknown}
 q - a scroll of teleportation {unknown}
Potions
 f - 2 potions of attraction {unknown}
 g - 2 potions of haste {unknown}
 k - a potion of curing {unknown}
 r - a potion of flight {unknown}
 s - a potion of invisibility {unknown}


   Skills:
 + Level 2.6 Fighting
 + Level 6.2 Polearms
 + Level 2.8 Throwing
 + Level 0.8 Armour
 + Level 4.8 Dodging
 + Level 1.7 Stealth


You had 2 spell levels left.
You knew the following spells:

 Your Spells              Type           Power      Damage    Failure   Level
a - Poisonous Vapours     Pois/Air       0%         N/A       63%         2

Your spell library contained the following spells:

 Spells                   Type           Power      Damage    Failure   Level
 Corpse Rot               Necr/Air       N/A        N/A       63%         2
 Dazzling Flash           Conj/Hex       0%         N/A       85%         3
 Agony                    Necr           0%         N/A       100%        5
 Freezing Cloud           Conj/Ice/Air   0%         6-21      100%        5
 Silence                  Hex/Air        0%         N/A       100%        5


Dungeon Overview and Level Annotations

Branches:
Dungeon (4/15)
 Temple: D:4-7

Altars:

Annotations:
D:3 2 runed translucent doors, Dowan; Duvessa; Sigmund; velxir3's ghost, amateur DsFi


Innate Abilities, Weirdness & Mutations

((You are quick and stealthy near water. (Stealth+, EV+, Speed+++)))
Your lower body shifts to a powerful aquatic tail in water.


Message History

Duvessa shouts!
Your jackal bites Dowan but does no damage.
Your jackal bites Duvessa.
Dowan hits your orc with a +0 whip.
Duvessa hits your jackal with a +0 short sword!
Your jackal dies!
Your jackal's corpse dissolves into shadows!
Your jackal bites Dowan but does no damage.
Sigmund barely misses you.
Your jackal barely misses Duvessa.
Duvessa hits your jackal with a +0 short sword.
Your jackal dies!
Your jackal's corpse dissolves into shadows!
Your orc closely misses Dowan.
Sigmund hits you from afar with a +0 scythe.
Dowan barely misses you.
Your jackal closely misses Dowan.
Your orc barely misses Dowan.
You hit Duvessa.
Duvessa is severely wounded.
Your jackal bites Dowan.
Duvessa barely misses you.
Sigmund hits you from afar with a +0 scythe!
Dowan misses you.
Your orc barely misses Dowan.
Your jackal closely misses Dowan.
Your jackal dissolves into shadows!
Your orc dissolves into shadows!
Sigmund misses you. Duvessa closely misses you. Dowan misses you.
There is a stone staircase leading up, spattered with blood here.
You can't go down here!
Duvessa hits you with a +0 short sword.
* * * LOW HITPOINT WARNING * * *
Sigmund says, "I'm your fate." Sigmund gestures at you while chanting.
The magic dart hits you!
* * * LOW HITPOINT WARNING * * *
Dowan barely misses you.
You climb upwards.
Level annotation: 2 runed translucent doors, velxir3's ghost, amateur DsFi
There is a stone staircase leading down here.
You hit Duvessa but do no damage.
Duvessa is severely wounded.
Sigmund closely misses you. Duvessa misses you. Dowan closely misses you.
Sigmund hits you with a +0 scythe!
You die...

########## #
#........#### ##
#...........# #.
#.ee........#######.
###>@.......'.....+.
#@##......##...#..
#.##......##.#####
#..'..........#≈..
#.##..........##..
#.#####.##....##.≈
#.# #.##....#≈#.
####'###
#.##....###.
#......#
#.##....####
#......#
#.##........


You could see Duvessa, Sigmund and Dowan.

Vanquished Creatures
  A centaur zombie (D:3)
  Crazy Yiuf (D:2)
  A gnoll (D:1)
  2 adders (D:2)
  An adder skeleton (D:4)
  A worm (D:3)
  7 endoplasms
  4 giant cockroaches
  4 goblins
  5 hobgoblins
  2 quokkas (D:1)
  7 ball pythons
  6 bats
  7 frilled lizards
  5 kobolds
  7 rats
61 creatures vanquished.

Vanquished Creatures (others)
  3 fungi
3 creatures vanquished.

Grand Total: 64 creatures vanquished

Notes
Turn   | Place    | Note
-------+----------+-------------------------------------------
     0 | D:1      | ZARRMARR the Merfolk Gladiator began the quest for the Orb.
     0 | D:1      | Reached XP level 1. HP: 16/16 MP: 1/1
   204 | D:1      | Reached XP level 2. HP: 22/22 MP: 2/2
   236 | D:1      | Reached skill level 5 in Polearms
   588 | D:1      | Reached XP level 3. HP: 27/27 MP: 3/3
  1517 | D:1      | Found a faded altar of an unknown god.
  1968 | D:2      | Reached XP level 4. HP: 34/34 MP: 4/4
  2080 | D:2      | Reached skill level 1 in Stealth
  2335 | D:2      | Found a runed translucent door.
  2338 | D:2      | Noticed Crazy Yiuf
  2358 | D:2      | Identified a scroll of acquirement
  2359 | D:2      | Acquired 531 gold pieces
  2473 | D:3      | Learned a level 2 spell: Poisonous Vapours
  2636 | D:3      | Found a large runed translucent door.
  2636 | D:3      | Found a large runed translucent door.
  2637 | D:3      | Noticed velxir3's ghost (amateur DsFi)
  2747 | D:3      | Reached skill level 6 in Polearms
  2747 | D:3      | Reached XP level 5. HP: 39/39 MP: 5/5
  2917 | D:2      | Killed Crazy Yiuf
  3007 | D:4      | Noticed Sigmund
  3007 | D:4      | Noticed Duvessa
  3268 | D:4      | Noticed Dowan
  3277 | D:4      | HP: 1/39 [Sigmund/magic dart (8)]
  3280 | D:3      | Mangled by Sigmund

Illustrated notes

Levels and vault maps discovered:
D:1:      matt_arrival_spirals, layout_basic,
          shapermc_ecumenical_altar_mp_urbaneastern
D:2:      layout_basic, kennysheep_boxes, uniq_crazy_yiuf_cottage
D:3:      layout_basic, ebering_ghost_disaster_area
D:4:      layout_layer_cave, kennysheep_mini, mainiacjoe_overflow_swirl,
          grunt_ministairs_7, abandoned_shop, uniq_duvessa, uniq_eustachio,
          uniq_sigmund

Skill      XL: |  1  2  3  4 |
---------------+-------------+-----
Polearms       | 5 6 |  6.2
Stealth        | 1 |  1.7
Fighting       | |  2.6
Throwing       | |  2.8
Armour         | |  0.8
Dodging        | |  4.8

Action                   |  1- 3 |  4- 6 || total
-------------------------+-------+-------++-------
Melee: Trident           |    97 |    55 ||   152
Throw: Throwing net      |    14 |     2 ||    16
       Stone             |     2 |     2 ||     4
       Javelin           |       |    23 ||    23
  Use: Scroll            |     1 |     7 ||     8
 Stab: Held in net/web   |     2 |       ||     2
       Sleeping          |     3 |     2 ||     5
Armor: Leather armour    |    20 |    14 ||    34
Dodge: Dodged            |    40 |    49 ||    89
